TOP OF THE 1ST |
University of Conneticut Huskies batting - Pitching for Mississippi State University Bulldogs : LHP Jon Lawson
|
Pitching: LHP Jon Lawson
|
|
Batting: RHB Michael Youngberry
|
0-0: Fly out, F8 (Line Drive, 8LM, EV 101.9 MPH)
|
Batting: RHB Preston Hill
|
0-0: Ground out 6-3 (Groundball, 6M, EV 78.8 MPH)
|
Batting: RHB Yankel Pensak
|
0-0: Called Strike 0-1: Ball 1-1: Foul Ball, location: 2F 1-2: Strikes out swinging
|
Top of the 1st over - 0 runs, 0 hits, 0 errors, 0 left on base; University of Conneticut 0 - Mississippi State University 0 |
BOTTOM OF THE 1ST |
Mississippi State University Bulldogs batting - Pitching for University of Conneticut Huskies : RHP John Plouffe
|
Pitching: RHP John Plouffe
|
|
Batting: RHB George Wagner
|
0-0: Called Strike 0-1: SINGLE (Groundball, 56, EV 93.8 MPH)
|
Batting: RHB Mike Bearden
|
0-0: Called Strike 0-1: Ball 1-1: Foul Ball, location: 2F 1-2: Foul Ball, location: 2F 1-2: Strikes out swinging
|
Batting: RHB Oscar Bravo
|
0-0: Ball 1-0: Ball 2-0: SINGLE (Groundball, 34D, EV 102.5 MPH) George Wagner to second Runner from 2nd tries for 3rd, OUT! 9-5 Oscar Bravo to second
|
Batting: RHB Xiao-shuang Au
|
0-0: Ball 1-0: Ball 2-0: Foul Ball, location: 2F 2-1: Ground out 4-3 (Groundball, 4M, EV 76.3 MPH)
|
Bottom of the 1st over - 0 runs, 2 hits, 0 errors, 1 left on base; University of Conneticut 0 - Mississippi State University 0 |
TOP OF THE 2ND |
University of Conneticut Huskies batting - Pitching for Mississippi State University Bulldogs : LHP Jon Lawson
|
Batting: LHB Bill Kovac
|
0-0: Ball 1-0: Foul Ball, location: 2F 1-1: Ball 2-1: Foul Ball, location: 2F 2-2: Strikes out swinging
|
Batting: RHB Ernesto Salas
|
0-0: Fly out, F8 (Flyball, 8LM, EV 86.9 MPH)
|
Batting: RHB Edwin Bejarano
|
0-0: Ball 1-0: Swinging Strike 1-1: Swinging Strike 1-2: Strikes out swinging, 2-3 out at first.
|
Top of the 2nd over - 0 runs, 0 hits, 0 errors, 0 left on base; University of Conneticut 0 - Mississippi State University 0 |
BOTTOM OF THE 2ND |
Mississippi State University Bulldogs batting - Pitching for University of Conneticut Huskies : RHP John Plouffe
|
Batting: LHB Ken Morehead
|
0-0: Foul Ball, location: 2F 0-1: Swinging Strike 0-2: Strikes out swinging
|
Batting: RHB Alain Marquet
|
0-0: Ball 1-0: Foul Ball, location: 2F 1-1: Swinging Strike 1-2: Ball 2-2: SINGLE (Groundball, 6MD, EV 102.5 MPH)
|
Batting: SHB Bill Ertl
|
0-0: Swinging Strike 0-1: Ball 1-1: Called Strike 1-2: Ball 2-2: DOUBLE (Flyball, 89D, EV 102.5 MPH) Alain Marquet to third
|
Batting: RHB Aidan Joseph
|
0-0: Called Strike 0-1: Called Strike 0-2: Ball 1-2: Foul Ball, location: 2F 1-2: Strikes out swinging
|
Batting: LHB Afanasy Zasekin
|
0-0: Ball 1-0: Ball 2-0: Ball 3-0: Called Strike 3-1: Foul Ball, location: 2F 3-2: Base on Balls
|
Batting: RHB George Wagner
|
0-0: Ball 1-0: Called Strike 1-1: Foul Ball, location: 2F 1-2: Fielders Choice at 2nd, 5-4 (Groundball, 56, EV 86.9 MPH)
|
Bottom of the 2nd over - 0 runs, 2 hits, 0 errors, 3 left on base; University of Conneticut 0 - Mississippi State University 0 |
TOP OF THE 3RD |
University of Conneticut Huskies batting - Pitching for Mississippi State University Bulldogs : LHP Jon Lawson
|
Batting: LHB Fumito Sakurai
|
0-0: Foul Ball, location: 2F 0-1: Ball 1-1: Swinging Strike 1-2: Foul Ball, location: 2F 1-2: Fly out, F9 (Flyball, 89S, EV 81.9 MPH)
|
Batting: RHB Hector Tabares
|
0-0: Called Strike 0-1: Ball 1-1: Ball 2-1: Foul Ball, location: 2F 2-2: Foul Ball, location: 2F 2-2: Foul Ball, location: 2F 2-2: Foul Ball, location: 2F 2-2: Foul Ball, location: 2F 2-2: Ball 3-2: Base on Balls
|
Batting: SHB Peter Mahaffey
|
0-0: Ball 1-0: Called Strike 1-1: Foul Ball, location: 2F 1-2: Foul Ball, location: 2F 1-2: Hit by Pitch Hector Tabares to second
|
Batting: RHB Michael Youngberry
|
0-0: Called Strike 0-1: Ball 1-1: Ball 2-1: Ball 3-1: Foul Ball, location: 2F 3-2: Foul Ball, location: 2F 3-2: Base on Balls Hector Tabares to third Peter Mahaffey to second
|
Batting: RHB Preston Hill
|
0-0: Ball 1-0: Ball 2-0: Fielders Choice at 2nd, 5-4 (Groundball, 15, EV 83.8 MPH) Hector Tabares scores Peter Mahaffey to third
|
Batting: RHB Yankel Pensak
|
0-0: Called Strike 0-1: Fly out, F8 (Line Drive, 8LD, EV 98.1 MPH)
|
Top of the 3rd over - 1 run, 0 hits, 0 errors, 2 left on base; University of Conneticut 1 - Mississippi State University 0 |
BOTTOM OF THE 3RD |
Mississippi State University Bulldogs batting - Pitching for University of Conneticut Huskies : RHP John Plouffe
|
Batting: RHB Mike Bearden
|
0-0: Foul Ball, location: 2F 0-1: Foul Ball, location: 2F 0-2: Ball 1-2: SINGLE (Line Drive, 3D, EV 104.4 MPH)
|
Batting: RHB Oscar Bravo
|
0-0: Ball 1-0: Ball Wild Pitch! Mike Bearden to second 2-0: Ball 3-0: Base on Balls
|
Batting: RHB Xiao-shuang Au
|
0-0: Ball 1-0: SINGLE (Line Drive, 7S, EV 100.6 MPH) Mike Bearden to third Oscar Bravo to second
|
Batting: LHB Ken Morehead
|
0-0: Foul Ball, location: 2F 0-1: Foul Ball, location: 2F 0-2: Ball 1-2: Foul Ball, location: 2F 1-2: Ball 2-2: Foul Ball, location: 2F 2-2: Ball 3-2: Foul Ball, location: 2F 3-2: Fielders Choice at 2nd, 5-4 (Groundball, 5, EV 83.1 MPH) Mike Bearden scores Oscar Bravo to third
|
Pitching: RHP Carlos Solis
|
|
Batting: RHB Tony Dopson
|
0-0: Swinging Strike 0-1: Ball 1-1: Ball 2-1: Fly out, F9 (Flyball, 89D, EV 92.5 MPH)
|
Batting: SHB Bill Ertl
|
0-0: Fielders Choice at 2nd, 5-4 (Groundball, 56, EV 88.8 MPH)
|
Bottom of the 3rd over - 1 run, 2 hits, 0 errors, 2 left on base; University of Conneticut 1 - Mississippi State University 1 |
TOP OF THE 4TH |
University of Conneticut Huskies batting - Pitching for Mississippi State University Bulldogs : LHP Jon Lawson
|
Batting: LHB Bill Kovac
|
0-0: Called Strike 0-1: Ball 1-1: Ball 2-1: Ball 3-1: SINGLE (Groundball, 25, EV 65.6 MPH) (infield hit)
|
Batting: RHB Ernesto Salas
|
0-0: Called Strike 0-1: Foul Ball, location: 2F 0-2: Ball 1-2: Ball 2-2: Foul Ball, location: 2F 2-2: Fly out, F8 (Flyball, 8RM, EV 95.0 MPH)
|
Batting: RHB Edwin Bejarano
|
0-0: Ball 1-0: Ball 2-0: Ball 3-0: Foul Ball, location: 2F 3-1: SINGLE (Line Drive, 9LS, EV 105.0 MPH) Bill Kovac to second
|
Batting: LHB Fumito Sakurai
|
0-0: Ball 1-0: Ball 2-0: Called Strike 2-1: Foul Ball, location: 2F 2-2: Hit by Pitch Bill Kovac to third Edwin Bejarano to second
|
Batting: RHB Hector Tabares
|
0-0: Called Strike 0-1: Swinging Strike 0-2: Foul Ball, location: 2F 0-2: Strikes out looking
|
Batting: SHB Peter Mahaffey
|
0-0: Fly out, F8 (Flyball, 89D, EV 81.3 MPH)
|
Top of the 4th over - 0 runs, 2 hits, 0 errors, 3 left on base; University of Conneticut 1 - Mississippi State University 1 |
BOTTOM OF THE 4TH |
Mississippi State University Bulldogs batting - Pitching for University of Conneticut Huskies : RHP Carlos Solis
|
Batting: RHB Aidan Joseph
|
0-0: Ball 1-0: Swinging Strike 1-1: Reached on error, E1 (Groundball, 15S, EV 64.4 MPH)
|
Batting: LHB Afanasy Zasekin
|
0-0: Ball 1-0: Fly out, F8 (Line Drive, 8RD, EV 89.4 MPH)
|
Batting: RHB George Wagner
|
0-0: Fly out, F4 (Popup, 4S, EV 63.1 MPH)
|
Batting: RHB Mike Bearden
|
0-0: Called Strike 0-1: Ball 1-1: Ground out U3 (Groundball, 34S, EV 83.8 MPH)
|
Bottom of the 4th over - 0 runs, 0 hits, 1 error, 1 left on base; University of Conneticut 1 - Mississippi State University 1 |
TOP OF THE 5TH |
University of Conneticut Huskies batting - Pitching for Mississippi State University Bulldogs : LHP Jon Lawson
|
Pitching: RHP Guang Jue
|
|
Batting: RHB Michael Youngberry
|
0-0: TRIPLE (Flyball, 9LD, EV 96.3 MPH)
|
Batting: RHB Preston Hill
|
0-0: Called Strike 0-1: Ball 1-1: Foul Ball, location: 2F 1-2: Foul Ball, location: 2F 1-2: Fly out, F8 (Line Drive, 8LM, EV 88.1 MPH) Runner from 3rd tags up, SCORES, no throw by CF
|
Batting: RHB Yankel Pensak
|
0-0: Ball 1-0: Ball 2-0: Called Strike 2-1: SINGLE (Groundball, 6MD, EV 103.8 MPH)
|
Batting: LHB Bill Kovac
|
0-0: Called Strike 0-1: Called Strike 0-2: Ball 1-2: Ball 2-2: Fielders Choice at 2nd, 1-4 (Groundball, 15S, EV 71.9 MPH)
|
Batting: RHB Ernesto Salas
|
0-0: Called Strike 0-1: Ball 1-1: Foul Ball, location: 2F 1-2: Foul Ball, location: 2F 1-2: Ball 2-2: Ball 3-2: Strikes out swinging
|
Top of the 5th over - 1 run, 2 hits, 0 errors, 1 left on base; University of Conneticut 2 - Mississippi State University 1 |
BOTTOM OF THE 5TH |
Mississippi State University Bulldogs batting - Pitching for University of Conneticut Huskies : RHP Carlos Solis
|
Batting: RHB Oscar Bravo
|
0-0: Called Strike 0-1: Ground out 6-3 (Groundball, 6, EV 103.1 MPH)
|
Pinch Hitting: RHB Manuel Taveras
|
0-0: Called Strike 0-1: Foul Ball, location: 2F 0-2: Ball 1-2: Ball 2-2: SINGLE (Line Drive, 34D, EV 100.0 MPH)
|
Batting: LHB Ken Morehead
|
0-0: Ball 1-0: Fielders Choice at 2nd, 1-4 (Groundball, 25, EV 65.6 MPH)
|
Batting: RHB Tony Dopson
|
0-0: Swinging Strike 0-1: Ball 1-1: Foul Ball, location: 2F 1-2: Ball 2-2: Fielders Choice at 2nd, 6-4 (Groundball, 6, EV 108.1 MPH)
|
Bottom of the 5th over - 0 runs, 1 hit, 0 errors, 1 left on base; University of Conneticut 2 - Mississippi State University 1 |
TOP OF THE 6TH |
University of Conneticut Huskies batting - Pitching for Mississippi State University Bulldogs : RHP Guang Jue
|
Now at 2B: Ricky Amaya
|
|
Batting: RHB Edwin Bejarano
|
0-0: Called Strike 0-1: Ball 1-1: Ground out 5-3 (Groundball, 56S, EV 78.8 MPH)
|
Batting: LHB Fumito Sakurai
|
0-0: Called Strike 0-1: Swinging Strike 0-2: Foul Ball, location: 2F 0-2: Ball 1-2: Strikes out looking
|
Batting: RHB Hector Tabares
|
0-0: DOUBLE (Flyball, 89D, EV 103.8 MPH)
|
Batting: SHB Peter Mahaffey
|
0-0: Ball 1-0: Ball 2-0: Ball 3-0: Called Strike 3-1: Base on Balls
|
Batting: RHB Michael Youngberry
|
|
Pinch Hitting: RHB Dusty Edmonds
|
0-0: Called Strike 0-1: Ball 1-1: Fly out, F9 (Line Drive, 9, EV 96.3 MPH)
|
Top of the 6th over - 0 runs, 1 hit, 0 errors, 2 left on base; University of Conneticut 2 - Mississippi State University 1 |
BOTTOM OF THE 6TH |
Mississippi State University Bulldogs batting - Pitching for University of Conneticut Huskies : RHP Carlos Solis
|
Now in CF: Nick Castillo
|
|
Batting: SHB Bill Ertl
|
0-0: Called Strike 0-1: Ball 1-1: Ball 2-1: Fly out, F8 (Flyball, 78M, EV 84.4 MPH)
|
Batting: RHB Aidan Joseph
|
0-0: Ball 1-0: Ball 2-0: Ball 3-0: Called Strike 3-1: Foul Ball, location: 2F 3-2: Base on Balls
|
Batting: LHB Afanasy Zasekin
|
0-0: Ball 1-0: 2-RUN HOME RUN (Flyball, 9D, EV 98.1 MPH), Distance : 372 ft
|
Pinch Hitting: RHB Nate Nettle
|
0-0: Ball 1-0: Swinging Strike 1-1: Swinging Strike 1-2: Ball 2-2: Ball 3-2: Strikes out swinging
|
Pinch Hitting: RHB Bryan Payne
|
0-0: Foul Ball, location: 2F 0-1: Ball 1-1: Foul Ball, location: 2F 1-2: Foul Ball, location: 2F 1-2: Foul Ball, location: 2F 1-2: Ball 2-2: Foul Ball, location: 2F 2-2: Ball 3-2: SINGLE (Groundball, 56D, EV 96.3 MPH)
|
Pitching: LHP Ernesto Ruiz
|
|
Batting: RHB Oscar Bravo
|
0-0: Ball 1-0: Swinging Strike 1-1: Swinging Strike 1-2: Foul Ball, location: 2F 1-2: Foul Ball, location: 2F 1-2: Fly out, F5 (Popup, 56S, EV 76.3 MPH)
|
Bottom of the 6th over - 2 runs, 2 hits, 0 errors, 1 left on base; University of Conneticut 2 - Mississippi State University 3 |
TOP OF THE 7TH |
University of Conneticut Huskies batting - Pitching for Mississippi State University Bulldogs : RHP Guang Jue
|
Pitching: LHP Jose Murillo
|
|
Now in CF: Li-hong Bo
|
|
Now in RF: Eduardo Sanchez
|
|
Pinch Hitting: RHB Pat Leahey
|
0-0: Ball 1-0: Called Strike 1-1: Ball 2-1: Fly out, F8 (Flyball, 89D, EV 81.9 MPH)
|
Pinch Hitting: SHB Domingo Restrepo
|
0-0: Swinging Strike 0-1: Ball 1-1: Called Strike 1-2: Strikes out swinging
|
Pinch Hitting: RHB Joe Allred
|
0-0: Ball 1-0: Foul Ball, location: 2F 1-1: Ball 2-1: Ball 3-1: Base on Balls
|
Pinch Hitting: RHB Bill Stern
|
0-0: Ball 1-0: Ball 2-0: Foul Ball, location: 2F 2-1: Ball 3-1: Base on Balls Joe Allred to second
|
Pinch Hitting: RHB Justin Matherson
|
0-0: Called Strike 0-1: Called Strike 0-2: Ground out 4-3 (Groundball, 4, EV 103.1 MPH)
|
Top of the 7th over - 0 runs, 0 hits, 0 errors, 2 left on base; University of Conneticut 2 - Mississippi State University 3 |
BOTTOM OF THE 7TH |
Mississippi State University Bulldogs batting - Pitching for University of Conneticut Huskies : LHP Ernesto Ruiz
|
Now at 1B: Bill Stern
|
|
Now at 2B: Domingo Restrepo
|
|
Now at SS: Justin Matherson
|
|
Now in LF: Joe Allred
|
|
Now in RF: Pat Leahey
|
|
Batting: RHB Ricky Amaya
|
0-0: Called Strike 0-1: Ball 1-1: Called Strike 1-2: Ball 2-2: Foul Ball, location: 2F 2-2: Strikes out looking
|
Pinch Hitting: RHB Andy Harris
|
0-0: Ball 1-0: Ball 2-0: Called Strike 2-1: Foul Ball, location: 2F 2-2: Ball 3-2: Foul Ball, location: 2F 3-2: Ground out 1-3 (Groundball, 25, EV 64.4 MPH)
|
Batting: RHB Tony Dopson
|
0-0: Foul Ball, location: 2F 0-1: Ground out 6-3 (Groundball, 6, EV 85.0 MPH)
|
Bottom of the 7th over - 0 runs, 0 hits, 0 errors, 0 left on base; University of Conneticut 2 - Mississippi State University 3 |
TOP OF THE 8TH |
University of Conneticut Huskies batting - Pitching for Mississippi State University Bulldogs : LHP Jose Murillo
|
Pitching: LHP Ken Johnson
|
|
Now at 1B: Bobby Hicks
|
|
Batting: RHB Victor Contreras
|
0-0: Ball 1-0: Foul Ball, location: 2F 1-1: Called Strike 1-2: Ball 2-2: Ground out 1-3 (Groundball, 34S, EV 70.0 MPH)
|
Pinch Hitting: RHB David Marksberry
|
0-0: Swinging Strike 0-1: Foul Ball, location: 2F 0-2: Ball 1-2: Foul Ball, location: 2F 1-2: Ball 2-2: Strikes out swinging
|
Batting: SHB Peter Mahaffey
|
0-0: Called Strike 0-1: Ball 1-1: Ball 2-1: Ground out 4-3 (Groundball, 4, EV 106.9 MPH)
|
Top of the 8th over - 0 runs, 0 hits, 0 errors, 0 left on base; University of Conneticut 2 - Mississippi State University 3 |
BOTTOM OF THE 8TH |
Mississippi State University Bulldogs batting - Pitching for University of Conneticut Huskies : LHP Ernesto Ruiz
|
Now at 3B: Jose Aguiniga
|
|
Batting: SHB Bill Ertl
|
0-0: Called Strike 0-1: Ball 1-1: Swinging Strike 1-2: DOUBLE (Flyball, 8LXD, EV 106.3 MPH)
|
Batting: RHB Aidan Joseph
|
0-0: Intentional Walk
|
Pinch Hitting: LHB Adrian Abeyta
|
0-0: Sac Bunt to 25 - play at first, batter OUT! 5-4 Bill Ertl to third Aidan Joseph to second
|
Batting: RHB Li-hong Bo
|
0-0: Intentional Walk
|
Batting: RHB Eduardo Sanchez
|
0-0: Foul Ball, location: 2F 0-1: Swinging Strike 0-2: Ball 1-2: Ball 2-2: Grounds into fielders choice 6-2 (Groundball, 56, EV 83.1 MPH) Aidan Joseph to third Li-hong Bo to second
|
Pinch Hitting: SHB Dave Stone
|
0-0: Ball 1-0: Ball 2-0: Ball 3-0: Called Strike 3-1: Base on Balls Aidan Joseph scores Li-hong Bo to third Eduardo Sanchez to second
|
Batting: RHB Ricky Amaya
|
0-0: Fly out, F7 (Flyball, 78M, EV 86.3 MPH)
|
Bottom of the 8th over - 1 run, 1 hit, 0 errors, 3 left on base; University of Conneticut 2 - Mississippi State University 4 |
TOP OF THE 9TH |
University of Conneticut Huskies batting - Pitching for Mississippi State University Bulldogs : LHP Ken Johnson
|
Pitching: RHP Walt Bunney
|
|
Now at SS: Il-sang Phyo
|
|
Now in LF: Alevina Kahoku
|
|
Pinch Hitting: LHB Miguel Espinal
|
0-0: Called Strike 0-1: Ball 1-1: Called Strike 1-2: Ground out 5-3 (Groundball, 5L, EV 80.0 MPH)
|
Pinch Hitting: LHB Matt Darrach
|
0-0: Called Strike 0-1: Ball 1-1: Called Strike 1-2: Strikes out swinging
|
Pinch Hitting: LHB Jim Upson
|
0-0: Called Strike 0-1: Swinging Strike 0-2: Ball 1-2: Ball 2-2: Ball 3-2: SINGLE (Groundball, 4D, EV 101.3 MPH)
|
Pinch Hitting: LHB Ozzie Leon
|
0-0: Fly out, F9 (Flyball, 9, EV 91.9 MPH)
|
Top of the 9th over - 0 runs, 1 hit, 0 errors, 1 left on base; University of Conneticut 2 - Mississippi State University 4 |
|